 Dungeon Crawl Stone Soup version 0.30.1-4-g462c640d31 (webtiles) character file.

Game seed: 11901434916544146433

324 Wiggles the Chopper (level 6, -3/56 HPs)
             Began as a Minotaur Berserker on Aug 10, 2023.
             Was a Believer of Trog.
             Slain by a gnoll
             ... wielding a +0 spear
              (4 damage)
             ... on level 3 of the Dungeon.
             The game lasted 00:02:16 (1798 turns).

Wiggles the Chopper (Minotaur Berserker)            Turns: 1798, Time: 00:02:17

Health: -3/56      AC:  7    Str: 23    XL:     6   Next: 23%
Magic:  5/5        EV: 11    Int:  4    God:    Trog [**....]
Gold:   98         SH:  5    Dex: 16    Spells: 5/5 levels left

rFire   . . .        a - +0 hand axe
rCold   . . .        (no shield)
rNeg    . . .        i - +0 scale mail
rPois   .            (helmet restricted)
rElec   .            (no cloak)
rCorr   .            (no gloves)
SInv    .            (no boots)
Will    .....        e - amulet of reflection Stlth
                     f - +6 ring of dexterity
HPRegen 0.29/turn    (no ring)
MPRegen 0.09/turn

%: reflection
@: brilliant, lethally poisoned (-3 -> -6)
A: horns 2, retaliatory headbutt
a: Renounce Religion, Berserk, Trog's Hand


You were on level 3 of the Dungeon.
You worshipped Trog.
Trog was pleased with you.
You visited 1 branch of the dungeon, and saw 3 of its levels.

You collected 98 gold pieces.

Inventory:

Hand Weapons
 a - a +0 hand axe (weapon)
Armour
 i - a +0 scale mail (worn)
Jewellery
 e - an amulet of reflection (around neck)
 f - a +6 ring of dexterity (left hand)
Scrolls
 b - 2 scrolls of teleportation {unknown}
 d - 4 scrolls of identify {unknown}
 k - a scroll of summoning {unknown}
 l - a scroll of enchant armour {unknown}
Potions
 c - a potion of haste {unknown}
 g - a potion of brilliance
 h - a potion of cancellation {unknown}
 j - a potion of berserk rage {unknown}
 m - a potion of degeneration {unknown}


   Skills:
 + Level 5.3 Fighting
 + Level 5.8 Axes
 + Level 4.5 Armour
 + Level 3.0 Dodging
 + Level 0.2 Stealth
 + Level 0.6 Shields


You had 5 spell levels left.
You didn't know any spells.
Your spell library was empty.

Dungeon Overview and Level Annotations

Branches:
Dungeon (3/15)

Altars:


Innate Abilities, Weirdness & Mutations

You have a pair of horns on your head.
You reflexively headbutt those who attack you in melee.


Message History

You feel very sick. You block the gnoll's attack.
You slash the dart slug!
You kill the dart slug!
Trog accepts your kill.
You feel very sick.
The gnoll hits you but does no damage. x2
You feel very sick. You block the gnoll's attack. The gnoll closely misses you.
Items here: ))) ††.
You hit the gnoll but do no damage. You hit the gnoll.
You feel sick. You block the gnoll's attack. x2
You hit the gnoll but do no damage. You hit the gnoll.
You feel sick.
The gnoll hits you with a +2 spear of venom.
* * * LOW HITPOINT WARNING * * *
You are lethally poisoned!
You block the gnoll's attack.
You barely miss the gnoll. You hit the gnoll.
You kill the gnoll!
Trog accepts your kill.
* * * LOW HITPOINT WARNING * * *
You feel very sick. The gnoll completely misses you.
You hit the gnoll but do no damage.
* * * LOW HITPOINT WARNING * * *
You feel very sick. The gnoll completely misses you.
You closely miss the gnoll.
You headbutt the gnoll, but do no damage.
* * * LOW HITPOINT WARNING * * *
You feel sick. The gnoll closely misses you.
You completely miss the gnoll.
You recover from your berserk rage.
* * * LOW HITPOINT WARNING * * *
You feel sick. The gnoll closely misses you.
It was a potion of brilliance.
You feel clever all of a sudden.
* * * LOW HITPOINT WARNING * * *
You feel sick. The gnoll hits you with a +0 spear.
You die...

... .. # '.......#...###
# #.....#.#.# ..# .#
#.....#...###.##.### ##
.#.....+............ ..
....... #......##.##.#
....... #.$....##..#.#
......)###....).......#
......g@.......†).....#
#....#####............##
#.. #........).#... #
######.....##.#
#.......># #....##<..
#......... #.........
#.........


You could see a gnoll.

Vanquished Creatures
  Sigmund (D:3)
  Ijyb (D:3)
  Natasha (thrice) (D:2)
  2 gnolls (D:3)
  An adder (D:2)
  A worm (D:3)
  2 dart slugs
  An orc (D:3)
  4 ball pythons
  3 bats
  2 endoplasms (D:1)
  2 giant cockroaches (D:1)
  3 hobgoblins
  3 goblins
  4 kobolds
  A rat (D:1)
34 creatures vanquished.

Notes
Turn   | Place    | Note
-------+----------+-------------------------------------------
     0 | D:1      | Wiggles the Minotaur Berserker began the quest for the Orb.
     0 | D:1      | Reached XP level 1. HP: 19/19 MP: 0/0
   175 | D:1      | Reached XP level 2. HP: 26/27 MP: 1/1
   575 | D:1      | Found a faded altar of an unknown god.
   979 | D:2      | Noticed Natasha
   985 | D:2      | Killed Natasha
   986 | D:2      | Reached XP level 3. HP: 27/34 MP: 2/2
  1086 | D:2      | Noticed Natasha
  1095 | D:2      | Killed Natasha
  1096 | D:2      | Reached XP level 4. HP: 11/41 MP: 3/3
  1501 | D:2      | Noticed Natasha
  1507 | D:2      | Killed Natasha
  1741 | D:3      | Noticed Ijyb
  1747 | D:3      | Noticed Sigmund
  1752 | D:3      | Killed Ijyb
  1760 | D:3      | Killed Sigmund
  1761 | D:3      | Reached skill level 5 in Fighting
  1761 | D:3      | Reached skill level 5 in Axes
  1761 | D:3      | Reached XP level 5. HP: 36/48 MP: 4/4
  1761 | D:3      | Reached XP level 6. HP: 42/56 MP: 5/5
  1786 | D:3      | Reached ** piety under Trog
  1797 | D:3      | HP: 2/56 [poisoned by a gnoll]
  1798 | D:3      | Slain by a gnoll

Illustrated notes

Levels and vault maps discovered:
D:1:      sevenhm_arrival_forest_fort_small_5, layout_basic,
          basic_ecumenical_altar
D:2:      layout_loops_ring, uniq_natasha
D:3:      layout_basic, uniq_sigmund, uniq_ijyb

Skill      XL: |  1  2  3  4 |
---------------+-------------+-----
Axes           | 4 5 |  5.8
Fighting       | 4 5 |  5.3
Armour         | 3 4 |  4.5
Dodging        | 3 |  3.0
Stealth        | |  0.2
Shields        | |  0.6

Action                     |  1- 3 |  4- 6 || total
---------------------------+-------+-------++-------
  Melee: Hand axe          |    45 |    33 ||    78
         Headbutt          |    10 |     7 ||    17
 Invoke: Berserk           |       |     1 ||     1
    Use: Potion            |       |     1 ||     1
 Armour: Animal skin       |     5 |       ||     5
         Ring mail         |     4 |       ||     4
         Scale mail        |       |    14 ||    14
  Dodge: Dodged            |    23 |    18 ||    41
  Block: Other             |     5 |     9 ||    14
         Reflection        |       |     2 ||     2
